 Dungeon Crawl Stone Soup version 0.29-a0-284-gf9362112df (webtiles) character file.

Game seed: 13164691726374024641

49 Snicker the Ducker (level 3, -1/17 HPs)
             Began as a Felid Monk on Mar 19, 2022.
             Slain by Ijyb
             ... wielding a +0 club
              (6 damage)
             ... on level 3 of the Dungeon.
             The game lasted 00:06:33 (2661 turns).

Snicker the Ducker (Felid Monk)                     Turns: 2661, Time: 00:06:33

Health: -1/17      AC:  1    Str:  9    XL:     3   Next: 51%
Magic:  13/13      EV: 19    Int: 11    God:
Gold:   90         SH:  0    Dex: 18    Spells: 2/2 levels left
                                        Lives:  0   Deaths: 1

rFire   . . .      SeeInvis +     - Unarmed
rCold   . . .      Faith    .   (shield unavailable)
rNeg    . . .      Spirit   .   (body armour unavailable)
rPois   .          Reflect  .   (helmet unavailable)
rElec   .          Harm     .   (cloak unavailable)
rCorr   .          Rampage  .   (gloves unavailable)
Will    .....                   (boots unavailable)
Stlth   +++.......              (no amulet)
HPRegen 0.05/turn               c - ring of magical power
MPRegen 0.13/turn               (no ring)

@: quick
A: very small, claws 1, fangs 3, see invisible, speed 1, shaggy fur 1, stealthy
paws, no weapons or thrown items, no armour, multi-lived
a: no special abilities


You were on level 3 of the Dungeon.
You visited 1 branch of the dungeon, and saw 4 of its levels.

You collected 126 gold pieces.
You spent 36 gold pieces at shops.

Inventory:

Jewellery
 c - a ring of magical power (left paw)
Scrolls
 b - a scroll of holy word {unknown}
 e - a scroll of identify {unknown}
 f - 2 scrolls of teleportation
 g - a scroll of enchant armour {unknown}
 i - a scroll of vulnerability {unknown}
Potions
 a - a potion of ambrosia
 d - 2 potions of mutation {unknown}
 h - a potion of haste {unknown}
 j - a potion of degeneration {unknown}
 k - a potion of might {unknown}


   Skills:
 + Level 3.5 Fighting
 + Level 4.4 Dodging
 + Level 4.4 Stealth
 + Level 4.0 Unarmed Combat


You had 2 spell levels left.
You didn't know any spells.
Your spell library contained the following spells:

 Spells                   Type           Power      Damage    Failure   Level
 Corpse Rot               Necr/Air       0%         N/A       47%         2
 Poisonous Vapours        Pois/Air       0%         N/A       47%         2
 Call Canine Familiar     Summ           0%         N/A       71%         3
 Leda's Liquefaction      Hex/Erth       0%         N/A       98%         4
 Portal Projectile        Hex/Tloc       Unusable   N/A       N/A         3

Dungeon Overview and Level Annotations

Branches:
Dungeon (4/15)
 Temple: D:4-7

Altars:

Shops:
D:3 [*

Annotations:
D:3 Ijyb
D:4 exclusion: upstairs


Innate Abilities, Weirdness & Mutations

You have sharp claws.
You have razor-sharp teeth.
You have supernaturally acute eyesight. (SInv)
You cover ground quickly. (Speed+)
You are covered in fur. (AC +1)
Your paws help you pounce on unaware monsters.
You are incapable of wielding weapons or throwing items.
You cannot wear armour.
You gain extra lives every three experience levels.


Message History

k - a brown potion
There are no items here.
Things that are here:
a +0 war axe; a +0 scale mail; an orc corpse
There is a stone staircase leading up here.
You climb upwards.
The ball python hisses angrily.
Found an escape hatch in the floor.
There is a stone staircase leading down here.
You barely miss the ball python.
Ijyb shouts!
Your bite misses the ball python. The ball python barely misses you. x2
You claw the ball python!
You kill the ball python!
The bat hits you.
Your Unarmed Combat skill increases to level 4!
The bat closely misses you.
There is a stone staircase leading down here.
You scratch the bat. You bite the bat.
You kill the bat!
You closely miss Ijyb. You claw Ijyb.
Ijyb is lightly wounded.
Ijyb misses you.
You scratch Ijyb.
Ijyb is lightly wounded.
Ijyb barely misses you.
You barely miss Ijyb.
Ijyb is lightly wounded.
Ijyb closely misses you.
You scratch Ijyb.
Ijyb is moderately wounded.
Ijyb hits you with a +0 club.
You closely miss Ijyb.
Ijyb is moderately wounded.
Ijyb zaps a wand.
The puff of flame hits you!
* * * LOW HITPOINT WARNING * * *
You scratch Ijyb but do no damage. Your bite misses Ijyb.
Ijyb is moderately wounded.
Ijyb hits you with a +0 club.
You die...

### ### ..# ..#
#.# ##.####
#.##### ###.....#
#.#...# .......#
....#.# #.....####
#.#...# #.@.......
#.##.##
.##.##.g##.###.
#.##.#
...........#
..##.#
......>.####
####.####.#.......
#.......#
#..###..#
#.##.##.# #.. #..#
#.##.##.# #. #..#
#.##.##.# # #..#


You could see Ijyb.

Vanquished Creatures
  A howler monkey (D:4)
  2 worms (D:2)
  3 dart slugs (D:1)
  An orc (D:4)
  6 endoplasms
  6 hobgoblins
  2 kobolds (D:2)
  A quokka (D:3)
  6 ball pythons
  7 bats
  3 frilled lizards
  6 goblins
  2 rats
46 creatures vanquished.

Notes
Turn   | Place    | Note
-------+----------+-------------------------------------------
     0 | D:1      | Snicker the Felid Monk began the quest for the Orb.
     0 | D:1      | Reached XP level 1. HP: 10/10 MP: 2/2
   171 | D:1      | Reached XP level 2. HP: 11/14 MP: 3/3
   539 | D:1      | You fall into a shaft and drop 1 floor!
   983 | D:2      | Found a faded altar of an unknown god.
  1017 | D:2      | Reached XP level 3. HP: 17/17 MP: 4/4
  1814 | D:3      | Found Nokoh's Armour Emporium.
  1830 | D:3      | Found Umien's General Store.
  1839 | D:3      | Bought a scroll of teleportation for 36 gold pieces
  2458 | D:4      | Reached XP level 4. HP: 21/21 MP: 5/5
  2607 | D:4      | Noticed a wyvern
  2620 | D:4      | Mangled by a wyvern
  2621 | D:4      | Reached XP level 3. HP: -12/17 MP: 13/13
  2649 | D:3      | Noticed Ijyb
  2661 | D:3      | Slain by Ijyb

Illustrated notes

Levels and vault maps discovered:
D:1:      ebering_trefoil_twist, layout_loops_ring
D:2:      layout_basic, nicolae_ecumenical_oubliette
D:3:      layout_loops_corners, serial_shops, nicolae_shop_advertising_works
          [nicolae_subvault_shop_adworks], nicolae_shop_hallway_stairs, shop,
          nicolae_shop_stone, nrook_mini_vaults, uniq_ijyb
D:4:      layout_layer_cave, minmay_temple_entry_drinking_statues, serial_shops,
          shop, minmay_crystal_room, minmay_manual_mess

Skill      XL: |  1  2  3 |
---------------+----------+-----
Stealth        | 3 4 |  4.4
Unarmed Combat | 4 |  4.0
Fighting       | |  3.5
Dodging        | |  4.4

Action                   |  1- 3 |  4- 6 || total
-------------------------+-------+-------++-------
Melee: Unarmed           |   101 |     8 ||   109
       Bite              |    12 |     3 ||    15
       Punch             |     3 |       ||     3
 Stab: Sleeping          |    15 |       ||    15
Dodge: Dodged            |    68 |    11 ||    79

Table legend: (Time is in decaauts)
 A = Elapsed time spent in this place.
 B = Non-inter-level travel time spent in this place.
 C = Inter-level travel time spent in this place.
 D = Time resting spent in this place.
 E = Time spent auto-exploring this place.
 F = Levels seen in this place.
 G = Mean time per level.
                   A        B        C        D        E       F      G
               +--------+--------+--------+--------+--------+-----+--------+
         Total |   2337 |   2274 |     63 |    718 |   1142 |   4 |  584.2 |
       Dungeon |   2337 |   2274 |     63 |    718 |   1142 |   4 |  584.2 |
               +--------+--------+--------+--------+--------+-----+--------+

Top non-repeatable levels by time:
     D:1: 816 daAuts
     D:2: 773 daAuts
     D:4: 503 daAuts
     D:3: 244 daAuts
